[Event "Estonian Women's Chess Championship 2021"]
[Site "Tallinn, Paul Keres Chess House, Estonia"]
[Date "2021.12.16"]
[Round "6.2"]
[White "Levchenko, Marina"]
[Black "Ivanova, Lidia"]
[Result "1-0"]
[TimeControl "90 minutes for first 40 moves and 15 min. for the rest of the game with 30 sec."]
[WhiteFideId "4508548"]
[BlackFideId "4506480"]
[WhiteElo "1367"]
[BlackElo "1443"]

1. c4 Nf6 2. Nc3 g6 3. d4 d5 4. cxd5 Nxd5 5. e4 Nxc3 6. bxc3 c5 7. Be3 Bg7 8. h3 O-O 9. Qd2 Qa5 10.
Rc1 cxd4 11. cxd4 Qxd2+ 12. Kxd2 Rd8 13. Ke1 Na6 14. Nf3 Nb4 15. a3 Nc6 16. d5 Ne5 17. Nd4 Nc6 18. Nb5 Na5 19.
Nc7 Bd7 20. Nxa8 Rxa8 21. Rc7 Ba4 22. Bd2 b6 23. Bb4 e6 24. dxe6 fxe6 25. Ba6 Bd4 26. Ke2 Nb3 27. Bc3 Rf8 28.
f3 e5 29. Bc4+ Kh8 30. Bxb3 Bxb3 31. Bxd4 exd4 32. Rb1 Bc2 33. Rxc2 1-0

[Event "Estonian Women's Chess Championship 2021"]
[Site "Tallinn, Paul Keres Chess House, Estonia"]
[Date "2021.12.16"]
[Round "6.3"]
[White "Blokhin, Sofia"]
[Black "Narva, Triin"]
[Result "1-0"]
[TimeControl "90 minutes for first 40 moves and 15 min. for the rest of the game with 30 sec."]
[WhiteTitle "WCM"]
[BlackTitle "WFM"]
[WhiteFideId "4508190"]
[BlackFideId "4502680"]
[WhiteElo "2032"]
[BlackElo "2112"]

1. e4 d6 2. d4 g6 3. Nc3 Bg7 4.
f3 a6 5.
Be3 b5 6. a3 Nd7 7. Qd2 Bb7 8. O-O-O Rc8 9. g4 c5 10. h4 h5 11. gxh5 Rxh5 12. Nge2 b4 13. axb4 cxb4 14. Nb1 b3 15.
c3 Ra5 16. h5 Rxh5 17. Rxh5 gxh5 18. Ng3 Qa5 19. Bh3 Bc6 20. Nf5 Bf8 21. Qg2 Ngf6 22. Qg5 Bb5 23. Bf1 Qa1 24. Ng7+ Kd8 25.
Nxh5 Bxf1 26. Rxf1 Nxh5 27. Qxh5 Ke8 28. e5 dxe5 29. dxe5 Qa5 30. f4 Nf6 31. Qh3 Nd7 32. e6 fxe6 33.
Qxe6 Qb5 34. Rd1 Rc7 35. Qg6+ Kd8 36. Bb6 e5 37. Qf7 Bc5 38. Qg8+ Ke7 39. Bxc7 Be3+ 40. Nd2 Qa4 41. Qh7+ Ke8 42.
Qg6+ Ke7 43. Bd6+ Kd8 44. Qg8+ Nf8 45. Qxf8+ Kd7 46. Qe7+ Kc6 47. Qe8+ 1-0

[Event "Estonian Women's Chess Championship 2021"]
[Site "Tallinn, Paul Keres Chess House, Estonia"]
[Date "2021.12.16"]
[Round "6.4"]
[White "Sinitsina, Anastassia"]
[Black "Haapsal, Maria Ioanna"]
[Result "1-0"]
[TimeControl "90 minutes for first 40 moves and 15 min. for the rest of the game with 30 sec."]
[WhiteTitle "WFM"]
[WhiteFideId "4504640"]
[BlackFideId "4512286"]
[WhiteElo "2159"]
[BlackElo "1441"]

1. Nf3 d5 2. g3 e6 3. Bg2 Nf6 4. O-O Be7 5. d3 O-O 6. Nbd2 b6 7.
b3 Bb7 8. Bb2 Nbd7 9. c4 c5 10. Qc2 Qc7 11. cxd5 exd5 12. d4 Rac8 13. Rac1 Bd6 14. Qb1 Qb8 15. Rfe1 Rfe8 16. Bh3 Rc7 17.
Qa1 Bf8 18. dxc5 bxc5 19. Ne5 d4 20. Nxd7 Nxd7 21. Qb1 Ba6 22. Ne4 Bb7 23. Bg2 Qd8 24. Nd2 Bxg2 25. Kxg2 Nf6 26. Qd3 Qd5+ 27.
Qf3 Qxf3+ 28. Kxf3 Nd5 29. Nc4 Rc6 30. e3 Rf6+ 31. Kg2 Rfe6 32. Red1 Nb4 33. a3 Nc6 34. exd4 cxd4 35. Bxd4 Nxd4 36.
Rxd4 Re2 37. b4 Ra2 38. Rd2 Rxd2 39. Nxd2 g6 40. Rc7 Re7 41. Rxe7 Bxe7 42. Nc4 Bd8 43. Kf3 Kf8 44. Ke4 Ke7 45.
Kd5 f6 46. a4 Kd7 47. b5 Bb6 48. Nxb6+ axb6 49. f3 h5 50. h3 g5 51. f4 h4 52. gxh4 gxh4 53. f5 Ke7 54. Kc6 Kf7 55.
Kxb6 Kg7 56. a5 Kh6 57. a6 Kg5 58. a7 Kxf5 59. a8=Q 1-0

[Event "Estonian Women's Chess Championship 2021"]
[Site "Tallinn, Paul Keres Chess House, Estonia"]
[Date "2021.12.17"]
[Round "7.1"]
[White "Haapsal, Maria Ioanna"]
[Black "Barkasheva, Sofia"]
[Result "0-1"]
[TimeControl "90 minutes for first 40 moves and 15 min. for the rest of the game with 30 sec."]
[WhiteFideId "4512286"]
[BlackFideId "4510615"]
[WhiteElo "1441"]
[BlackElo "1505"]

1. e4 c5 2. Nf3 e6 3. d4 cxd4 4. Nxd4 a6 5. Bd3 Nf6 6. O-O Qc7 7. Qe2 d6 8. c4 g6 9. Nc3 Bg7 10.
Be3 Nbd7 11. Rad1 Ne5 12. f4 Neg4 13. Rd2 Nxe3 14. Qxe3 Ng4 15. Ndb5 axb5 16. Nxb5 Qc6 17. Qe2 Qb6+ 18.
Kh1 h5 19. Bb1 O-O 20. Rxd6 Qe3 21. Qc2 Ra6 22. Rd2 Bh6 23. Re2 Qc5 24. Qd3 Qe7 25. e5 Rd8 26. Nd6 Raxd6 27. exd6 Rxd6 28.
Qc3 Bxf4 29. h3 Qh4 30. Kg1 Bh2+ 31. Kh1 Bf4 32. Kg1 Nh2 33. Rfe1 Bg3 34. Rc1 Bf4 35. Rce1 Bd2 36. Qe5 Bf4 37.
Qc3 e5 38. c5 Rd4 39. a3 Bg3 40. Rc1 Bg4 41. Rec2 Rf4 42. Qe3 Nf3+ 43. gxf3 Rxf3 44. Qd2 Bf4 45. Qe1 Be3+ 46. Kh1 Rxh3+ 47. Kg2 Bf3+ 48. Kf1 Rh1# 0-1

[Event "Estonian Women's Chess Championship 2021"]
[Site "Tallinn, Paul Keres Chess House, Estonia"]
[Date "2021.12.17"]
[Round "7.2"]
[White "Narva, Triin"]
[Black "Sinitsina, Anastassia"]
[Result "0-1"]
[TimeControl "90 minutes for first 40 moves and 15 min. for the rest of the game with 30 sec."]
[WhiteTitle "WFM"]
[BlackTitle "WFM"]
[WhiteFideId "4502680"]
[BlackFideId "4504640"]
[WhiteElo "2112"]
[BlackElo "2159"]

1. e4 e5 2. Nc3 Nf6 3. d4 exd4 4. Qxd4 Nc6 5. Qd3 Bb4 6. Bd2 O-O 7. O-O-O Re8 8. Nge2 Bf8 9. Bg5 h6 10.
Bxf6 Qxf6 11. f4 d6 12. Nd5 Qd8 13. Qf3 Ne7 14. Nec3 Nxd5 15. Nxd5 c6 16. Nc3 Qa5 17. g4 b5 18.
h4 b4 19. Nb1 Qxa2 20. g5 h5 21. f5 d5 22. Qxh5 Bd6 23. g6 Bf4+ 24. Rd2 fxg6 25. Qxg6 Rxe4 26. Bd3 Bxf5 27. Qxf5 Rf8 28.
Bxe4 Rxf5 29. Bxf5 Qc4 30. Bd3 Qd4 31. h5 c5 32. Bg6 Qe5 33. Rf1 c4 34. Kd1 Bxd2 35. Nxd2 Qxb2 36. Re1 Qa1+ 37.
Ke2 Qe5+ 38. Kd1 Qa1+ 39. Ke2 Qe5+ 40. Kf2 Qh2+ 41. Kf3 Qh3+ 42. Ke2 Qg4+ 43. Nf3 Qg3 44. Rg1 Qb8 45. Kf2 a5 46.
Re1 a4 47. Ne5 a3 48. Bf7+ Kh7 49. Bxd5 a2 50. Be4+ Kh6 51. Bg6 Qxe5 52. Rxe5 a1=Q 53. Re8 Kg5 54. Ke2 b3 55. cxb3 cxb3 56.
Kd2 b2 57. Re1 Qa5+ 58. Ke2 Qc3 59. Rb1 Qc1 60. Kf3 Kf6 61. Kg4 Ke5 62. Kf3 Kd4 0-1

[Event "Estonian Women's Chess Championship 2021"]
[Site "Tallinn, Paul Keres Chess House, Estonia"]
[Date "2021.12.17"]
[Round "7.3"]
[White "Ivanova, Lidia"]
[Black "Blokhin, Sofia"]
[Result "0-1"]
[TimeControl "90 minutes for first 40 moves and 15 min. for the rest of the game with 30 sec."]
[BlackTitle "WCM"]
[WhiteFideId "4506480"]
[BlackFideId "4508190"]
[WhiteElo "1443"]
[BlackElo "2032"]

1. e4 c5 2. f4 Nc6 3. Nf3 g6 4. Bb5 Bg7 5. Bxc6 bxc6 6. d3 d5 7. Qe2 Nf6 8. e5 Nd7 9. c4 e6 10.
O-O O-O 11. Nc3 Nb6 12. b3 f6 13. Bb2 fxe5 14. Nxe5 Qd6 15. Rae1 a5 16. h4 Rf5 17. g4 Rf8 18. g5 Rf5 19.
Nd1 d4 20. Rf3 Bb7 21. Bc1 Qf8 22. Ng4 Re8 23. Qf2 Nd7 24. Nh2 Qd6 25. Nf1 Ref8 26. Ng3 R5f7 27. Ne4 Qe7 28. Ba3 e5 29.
Rf1 exf4 30. Qh2 Qe5 31. Ndf2 Rf5 32. Nh3 Qc7 33. Qd2 Bc8 34. Kg2 Ne5 35. Rxf4 Ng4 36. Kg1 Ne3 37. Rxf5 gxf5 38.
Bxc5 fxe4 39. Rxf8+ Bxf8 0-1

[Event "Estonian Women's Chess Championship 2021"]
[Site "Tallinn, Paul Keres Chess House, Estonia"]
[Date "2021.12.17"]
[Round "7.4"]
[White "Shadrina, Eva"]
[Black "Levchenko, Marina"]
[Result "0-1"]
[TimeControl "90 minutes for first 40 moves and 15 min. for the rest of the game with 30 sec."]
[WhiteFideId "4510623"]
[BlackFideId "4508548"]
[WhiteElo "1472"]
[BlackElo "1367"]

1. e4 e6 2. d4 d5 3. Nc3 Bb4 4. e5 c5 5. a3 Bxc3+ 6. bxc3 Qc7 7. Bd2 Ne7 8. Qg4 cxd4 9. cxd4 Qxc2 10.
Qxg7 Rg8 11. Qf6 Nf5 12. Nf3 Qb2 13. Bg5 Qxa1+ 14. Ke2 Nc6 15. g4 Nfxd4+ 16. Nxd4 Qxd4 0-1